 Dungeon Crawl Stone Soup version 0.30.0-19-g36f170ea60 (webtiles) character file.

Game seed: 8527287021303965405

858 Irreverend the Caller (level 7, -17/32 HPs)
             Began as a Felid Summoner on May 30, 2023.
             Was an Initiate of Gozag.
             Engulfed by their own flame (19 damage)
             ... on level 6 of the Dungeon.
             The game lasted 00:21:01 (7426 turns).

Irreverend the Caller (Felid Summoner)              Turns: 7426, Time: 00:21:02

Health: -17/32     AC:  2    Str:  4    XL:     7   Next: 71%
Magic:  8/15       EV: 20    Int: 18    God:    Gozag
Gold:   287        SH:  0    Dex: 17    Spells: 3/16 levels left
                                        Lives:  0   Deaths: 2

rFire   . . .        (weapon unavailable)
rCold   . . .        (shield unavailable)
rNeg    . . .        (body armour unavailable)
rPois   .            (helmet unavailable)
rElec   .            (cloak unavailable)
rCorr   .            (gloves unavailable)
SInv    +            (boots unavailable)
Will    +....        (no amulet)
Stlth   ++           (no ring)
HPRegen 0.25/turn    (no ring)
MPRegen 0.14/turn

%: no passive effects
@: gold aura, quick
A: very small, claws 1, fangs 3, see invisible, speed 1, shaggy fur 2, stealthy
paws, no weapons or thrown items, no armour, multi-lived
a: Renounce Religion, Potion Petition, Call Merchant, Bribe Branch


You were on level 6 of the Dungeon.
You worshipped Gozag.
Gozag was aware of your devotion.
You visited 2 branches of the dungeon, and saw 7 of its levels.

You collected 366 gold pieces.
You paid 79 gold pieces to Gozag.

Inventory:

Jewellery
 t - an amulet of faith
 u - a +6 ring of intelligence
 w - a ring of magical power
Wands
 o - a wand of mindburst (28)
 x - a wand of roots (11)
 y - a wand of quicksilver (5)
Scrolls
 g - 5 scrolls of teleportation
 h - a scroll of immolation
 i - 2 scrolls of enchant weapon {unknown}
 l - 3 scrolls of fear
 n - a scroll of summoning
 q - 2 scrolls of fog {unknown}
 r - 3 scrolls of torment
 s - 2 scrolls of poison {unknown}
 z - 2 scrolls of enchant armour
Potions
 a - 2 potions of magic
 b - 2 potions of might {unknown}
 c - 2 potions of mutation
 e - a potion of invisibility {unknown}
 f - a potion of flight
 j - 2 potions of haste
 k - 2 potions of berserk rage
 m - 2 potions of degeneration
 p - 2 potions of heal wounds
 v - 3 potions of curing {unknown}


   Skills:
 + Level 4.2 Fighting
 + Level 6.3 Dodging
 - Level 2.6 Stealth
 + Level 5.2 Spellcasting
 - Level 4.2 Hexes
 + Level 6.6 Summonings
 + Level 2.5 Air Magic


You had 3 spell levels left.
You knew the following spells:

 Your Spells              Type           Power      Damage    Failure   Level
a - Summon Small Mammal   Summ           100%       N/A       1%          1
b - Call Imp              Summ           56%        N/A       1%          2
c - Call Canine Familiar  Summ           28%        N/A       2%          3
d - Summon Guardian Gole  Hex/Summ       24%        N/A       4%          3
e - Summon Lightning Spi  Summ/Air       21%        N/A       21%         4

Your spell library contained the following spells:

 Spells                   Type           Power      Damage    Failure   Level
 Ozocubu's Armour         Ice            4%         N/A       36%         3
 Metabolic Englaciation   Hex/Ice        6%         N/A       83%         5
 Simulacrum               Ice/Necr       Unusable   N/A       N/A         6

Dungeon Overview and Level Annotations

Branches:
Dungeon (6/15)             Temple (1/1) D:5

Altars:
Ashenzari
Cheibriados
Elyvilon
Fedhas
Gozag
Hepliaklqana
Kikubaaqudgha
Makhleb
Nemelex Xobeh
Okawaru
Qazlal
Ru
Sif Muna
Trog
Uskayaw
Vehumet
Wu Jian
Xom
Yredelemnul
Zin
The Shining One

Shops:
D:2 :   D:5 *?(=

Annotations:
D:2 1 runed translucent door, Crazy Yiuf


Innate Abilities, Weirdness & Mutations

You have sharp claws.
You have razor-sharp teeth.
You have supernaturally acute eyesight. (SInv)
You cover ground quickly. (Speed+)
You are covered in thick fur. (AC +2)
Your paws help you pounce on unaware monsters.
You are incapable of wielding weapons or throwing items.
You cannot wear armour.
You gain extra lives every three experience levels.


Message History

You swap places.
Dowan mumbles some strange words.
Dowan blinks!
Dowan casts a spell.
Dowan blinks!
Casting: Summon Guardian Golem (dangerous; 4% risk of failure)
Confirm with . or Enter, or press ? or * to list all spells.
A tiny devil pulls itself out of the air.
Dowan gestures wildly while chanting.
Dowan blinks!
Your cerulean imp hits Dowan from afar with a -2 spear.
Dowan hits your guardian golem but does no damage.
You swap places.
Dowan says, "How can I live without her?"
Dowan hits your guardian golem but does no damage.
Your cerulean imp hits Dowan but does no damage.
Your cerulean imp hits Dowan but does no damage.
Dowan hits your guardian golem but does no damage.
Items here: $ ) / [.
Dowan points at you and mumbles some strange words.
The shard of ice hits your guardian golem!
Your guardian golem partially resists.
Your cerulean imp hits Dowan with a -2 spear.
Your guardian golem overheats!
Dowan casts a spell at you.
The stone arrow hits your guardian golem.
Your guardian golem disappears in a puff of smoke!
Your guardian golem explodes!
The fiery explosion engulfs Dowan!!!
Dowan dies!
The fiery explosion engulfs your cerulean imp!!
Your cerulean imp dies!
Your cerulean imp disappears in a puff of smoke!
The fiery explosion engulfs you!!
Ouch! That really hurt!
* * * LOW HITPOINT WARNING * * *
You are engulfed in blazing flames.
Ouch! That really hurt!
You die...
Your body crumbles into a pile of gold.

#.# #.# ## #.# .# #.# .#
#.# ####.# #.# .....###
##.##
.......###...########.##
#<.#.##.....#§@.......
#..#.###...##§#####.##
#..........($§#
#..#.####.##### ###.####
#.# ....# ##'## #####
##...## ### ##.....##
#.## ##.......#


There were no monsters in sight!

Vanquished Creatures
  A hobgoblin (D:1)
1 creature vanquished.

Vanquished Creatures (collateral kills)
  Sigmund (D:4)
  Menkaure (D:5)
  3 scorpions
  A jelly (D:4)
  2 orc priests
  A hound (D:5)
  3 iron imps (D:3)
  Ijyb (D:3)
  An iguana (D:5)
  An orc wizard (D:4)
  A gnoll (D:6)
  3 adders
  2 dart slugs
  5 orcs
  5 ball pythons
  9 endoplasms
  4 giant cockroaches
  8 goblins
  8 hobgoblins
  5 quokkas
  7 bats
  6 frilled lizards
  5 kobolds
  9 rats
92 creatures vanquished.

Vanquished Creatures (others)
  Grinder (D:5)
  Edmund (D:4)
  Duvessa (D:6)
  2 ogres
  Dowan (D:6)
  An iguana (D:5)
  2 gnolls (D:6)
9 creatures vanquished.

Grand Total: 102 creatures vanquished

Notes
Turn   | Place    | Note
-------+----------+-------------------------------------------
     0 | D:1      | Irreverend the Felid Summoner began the quest for the Orb.
     0 | D:1      | Reached XP level 1. HP: 7/7 MP: 4/4
   355 | D:1      | Reached XP level 2. HP: 11/11 MP: 1/6
   358 | D:1      | Learned a level 2 spell: Call Imp
  1196 | D:1      | Reached XP level 3. HP: 14/14 MP: 5/8
  1200 | D:1      | Learned a level 3 spell: Call Canine Familiar
  1349 | D:2      | Found a runed translucent door.
  1350 | D:2      | Noticed Crazy Yiuf
  1586 | D:2      | Found a faded altar of an unknown god.
  1852 | D:2      | Reached XP level 4. HP: 18/18 MP: 2/9
  1858 | D:2      | Learned a level 3 spell: Summon Guardian Golem
  1950 | D:2      | Found Ygul's Book Shop.
  2284 | D:3      | Noticed Ijyb
  2308 | D:3      | Killed Ijyb
  2309 | D:3      | Reached skill level 1 in Hexes
  2513 | D:3      | Reached skill level 5 in Summonings
  2545 | D:3      | Found a burning altar of Makhleb.
  2571 | D:3      | Reached skill level 1 in Fighting
  2690 | D:3      | Reached XP level 5. HP: 22/22 MP: 8/11
  3366 | D:4      | Noticed an ogre
  3413 | D:4      | Killed an ogre
  3414 | D:4      | Gained mutation: You are covered in thick fur. (AC +2)
                  | [Felid growth]
  3414 | D:4      | Reached XP level 6. HP: 26/26 MP: 1/12
  4162 | D:4      | Noticed Sigmund
  4167 | D:4      | Noticed Edmund
  4192 | D:4      | Killed Edmund
  4243 | D:4      | Killed Sigmund
  4244 | D:4      | Reached XP level 7. HP: 30/30 MP: 3/14
  4255 | D:4      | Learned a level 4 spell: Summon Lightning Spire
  4419 | D:5      | Entered Level 5 of the Dungeon
  4670 | D:5      | Reached skill level 5 in Dodging
  4832 | D:5      | Found a staircase to the Ecumenical Temple.
  4834 | D:5      | Found Heulit's General Store.
  4840 | Temple   | Entered the Ecumenical Temple
  4982 | Temple   | Became a worshipper of Gozag Ym Sagoz the Greedy
  5202 | D:5      | Found Jasas's Weapon Shoppe.
  5337 | D:5      | You fall into a shaft and drop 1 floor!
  5386 | D:6      | Found a white marble altar of Elyvilon.
  5612 | D:6      | Shot with an arrow by a centaur
  5613 | D:6      | Reached XP level 6. HP: 0/28 MP: 6/13
  5648 | D:6      | Reached skill level 1 in Air Magic
  5828 | D:6      | Found a shimmering blue altar of Sif Muna.
  5965 | D:5      | Reached XP level 7. HP: 31/31 MP: 9/14
  6025 | D:5      | Found Unlu's Magic Scroll Shoppe.
  6512 | D:5      | Noticed Grinder
  6572 | D:5      | Paralysed by Grinder for 4 turns
  6575 | D:5      | Constricted to death by Grinder
  6576 | D:5      | Reached XP level 6. HP: 0/28 MP: 5/13
  6716 | D:5      | Killed Grinder
  6850 | D:5      | Found Util's Jewellery Emporium.
  6865 | D:5      | Reached XP level 7. HP: 31/31 MP: 9/15
  7021 | D:5      | Noticed Menkaure
  7050 | D:5      | Killed Menkaure
  7051 | D:5      | Reached skill level 5 in Spellcasting
  7324 | D:6      | Noticed Duvessa
  7332 | D:6      | Noticed Dowan
  7379 | D:6      | Killed Duvessa
  7425 | D:6      | Killed Dowan
  7426 | D:6      | Engulfed by their own flame

Illustrated notes

Levels and vault maps discovered:
D:1:      dreamdust_arrival_sigmund_warning, layout_loops_ring,
          kennysheep_decorative_pillar, kennysheep_minor_cross,
          minmay_close_crescents
D:2:      layout_rooms, serial_shops, nicolae_shop_waterfront,
          dreamdust_ecumenical_altar_grove, uniq_crazy_yiuf_cottage
D:3:      layout_rooms, demons_altar, serial_bayou_pond_a, st_stairs_6,
          serial_bayou_crossing, uniq_ijyb
D:4:      layout_loops_ring, minmay_misc_feat_doors, sigmund_edmund_badplayer
D:5:      layout_basic, minmay_temple_entry_gardened_gates, serial_shops,
          nicolae_shop_window_shopping, nicolae_square_shop, shop, shop,
          minmay_curled_crystal, uniq_grinder, uniq_menkaure, uniq_edmund
D:6:      layout_loops_corners, mainiacjoe_overflow_catch_the_wave, uniq_duvessa
Temple:   dpeg_five_rooms_temple

Skill      XL: |  1  2  3  4  5  6  7 |
---------------+----------------------+-----
Spellcasting   | 3 4 5 |  5.2
Hexes          | 1 2 4 |  4.2
Summonings     | 5 6 |  6.6
Fighting       | 1 2 4 |  4.2
Dodging        | 3 4 6 |  6.3
Air Magic      | 2 |  2.5
Stealth        | |  2.6

Action                     |  1- 3 |  4- 6 |  7- 9 || total
---------------------------+-------+-------+-------++-------
  Melee: Unarmed           |     7 |       |     1 ||     8
         Bite              |     1 |       |     1 ||     2
   Cast: Summon Small Mamm |    24 |       |       ||    24
         Call Imp          |    17 |    17 |     9 ||    43
         Call Canine Famil |     7 |    31 |    11 ||    49
         Summon Guardian G |       |    12 |    17 ||    29
    Use: Potion            |       |     4 |       ||     4
         Scroll            |       |       |     8 ||     8
 Armour: Skin              |     3 |       |       ||     3
  Dodge: Dodged            |    30 |    21 |    10 ||    61
